| TOP OF THE 1ST |
|
University of Minnesota Golden Gophers batting - Pitching for Coastal Carolina University Chanticleers : RHP Pedro Delgado
|
|
Pitching: RHP Pedro Delgado
|
|
|
Batting: LHB Alex Villa
|
0-0: Called Strike 0-1: Swinging Strike 0-2: Ball 1-2: Foul Ball, location: 2F 1-2: Ball 2-2: Ball 3-2: Strikes out swinging
|
|
Batting: SHB Chris Rodgers
|
0-0: SINGLE (Groundball, 4MD, EV 98.1 MPH)
|
|
Batting: LHB Dick Shafer
|
0-0: Called Strike Chris Rodgers steals 2nd base 0-1: Ball 1-1: Foul Ball, location: 2F 1-2: Ground out U3 (Groundball, 34, EV 88.8 MPH) Chris Rodgers to third
|
|
Batting: RHB Ozzie Buendia
|
0-0: Ball 1-0: Ball 2-0: Ball 3-0: Called Strike 3-1: Called Strike 3-2: Foul Ball, location: 2F 3-2: Ground out 6-3 (Groundball, 6S, EV 86.2 MPH)
|
| Top of the 1st over - 0 runs, 1 hit, 0 errors, 1 left on base; University of Minnesota 0 - Coastal Carolina University 0 |
| BOTTOM OF THE 1ST |
|
Coastal Carolina University Chanticleers batting - Pitching for University of Minnesota Golden Gophers : LHP Baden Trevelyan
|
|
Pitching: LHP Baden Trevelyan
|
|
|
Batting: RHB Tatsunori Ishigaki
|
0-0: Called Strike 0-1: SINGLE (Line Drive, 78M, EV 91.2 MPH)
|
|
Batting: RHB Dennis Bennett
|
0-0: Ball 1-0: Called Strike 1-1: Swinging Strike Tatsunori Ishigaki steals 2nd base 1-2: Strikes out swinging
|
|
Batting: LHB Orlando Hurtado
|
0-0: Foul Ball, location: 2F 0-1: Swinging Strike 0-2: Ball 1-2: Fly out, F5 (Popup, 56, EV 71.9 MPH)
|
|
Batting: RHB Isaac Washington
|
0-0: Ball 1-0: Ball 2-0: Reached on error, E5 (Groundball, 56S, EV 69.4 MPH) Tatsunori Ishigaki to third
|
|
Batting: RHB Alex Montiel
|
0-0: Ball 1-0: Fly out, F4 (Flyball, 4MD, EV 82.5 MPH)
|
| Bottom of the 1st over - 0 runs, 1 hit, 1 error, 2 left on base; University of Minnesota 0 - Coastal Carolina University 0 |
| TOP OF THE 2ND |
|
University of Minnesota Golden Gophers batting - Pitching for Coastal Carolina University Chanticleers : RHP Pedro Delgado
|
|
Batting: LHB Jose Moncada
|
0-0: Called Strike 0-1: Fly out, F9 (Flyball, 9LM, EV 91.2 MPH)
|
|
Batting: RHB Jarrod Strickhouser
|
0-0: Called Strike 0-1: Ball 1-1: Ball 2-1: Called Strike 2-2: Foul Ball, location: 2F 2-2: Foul Ball, location: 2F 2-2: Ball 3-2: Base on Balls
|
|
Batting: RHB Jason Mooris
|
0-0: Ball 1-0: Ball 2-0: Foul Ball, location: 2F 2-1: Ball 3-1: Base on Balls Jarrod Strickhouser to second
|
|
Batting: RHB Ron Gooch
|
0-0: Called Strike 0-1: Ball 1-1: Foul Ball, location: 2F 1-2: Ball 2-2: Foul Ball, location: 2F 2-2: Foul Ball, location: 2F 2-2: Foul Ball, location: 2F 2-2: Strikes out swinging
|
|
Batting: LHB Bobby Agterberg
|
0-0: Ball 1-0: Ball 2-0: Ground out 6-3 (Groundball, 6M, EV 110.6 MPH)
|
| Top of the 2nd over - 0 runs, 0 hits, 0 errors, 2 left on base; University of Minnesota 0 - Coastal Carolina University 0 |
| BOTTOM OF THE 2ND |
|
Coastal Carolina University Chanticleers batting - Pitching for University of Minnesota Golden Gophers : LHP Baden Trevelyan
|
|
Batting: RHB Mark Tart
|
0-0: Foul Ball, location: 2F 0-1: Ball 1-1: Foul Ball, location: 2F 1-2: Ball 2-2: Foul Ball, location: 2F 2-2: Ball 3-2: Foul Ball, location: 2F 3-2: Base on Balls
|
|
Batting: RHB Oscar Hernandez
|
0-0: Ball Mark Tart steals 2nd base 1-0: Ball 2-0: Called Strike 2-1: Ball 3-1: Base on Balls
|
|
Batting: LHB Justin Sanders
|
0-0: Called Strike Mark Tart steals 3rd base 0-1: Ball 1-1: Ball 2-1: Fly out, F8 (Flyball, 8LXD, EV 93.8 MPH) Runner from 3rd tags up, SCORES, no throw by CF
|
|
Batting: RHB Rene Napoles
|
0-0: Foul Ball, location: 2F 0-1: Called Strike Oscar Hernandez is caught stealing 2nd base 2-4 0-2: Ball 1-2: Ball 2-2: Strikes out swinging
|
| Bottom of the 2nd over - 1 run, 0 hits, 0 errors, 0 left on base; University of Minnesota 0 - Coastal Carolina University 1 |
| TOP OF THE 3RD |
|
University of Minnesota Golden Gophers batting - Pitching for Coastal Carolina University Chanticleers : RHP Pedro Delgado
|
|
Batting: LHB Alex Villa
|
0-0: Bunted foul 0-1: Ball 1-1: Ball 2-1: DOUBLE (Groundball, 5D, EV 100.6 MPH)
|
|
Batting: SHB Chris Rodgers
|
0-0: Ground out 1-3 (Groundball, 13, EV 58.8 MPH) Alex Villa to third
|
|
Batting: LHB Dick Shafer
|
0-0: Ball 1-0: Ball 2-0: Ball 3-0: Called Strike 3-1: Foul Ball, location: 2F 3-2: Base on Balls
|
|
Batting: RHB Ozzie Buendia
|
0-0: Called Strike 0-1: Ball Dick Shafer is caught stealing 2nd base 2-4 1-1: Foul Ball, location: 2F 1-2: Ball 2-2: Foul Ball, location: 2F 2-2: Foul Ball, location: 2F 2-2: Fly out, F8 (Flyball, 8RXD, EV 93.8 MPH)
|
| Top of the 3rd over - 0 runs, 1 hit, 0 errors, 1 left on base; University of Minnesota 0 - Coastal Carolina University 1 |
| BOTTOM OF THE 3RD |
|
Coastal Carolina University Chanticleers batting - Pitching for University of Minnesota Golden Gophers : LHP Baden Trevelyan
|
|
Batting: RHB Tatsunori Ishigaki
|
0-0: Called Strike 0-1: Called Strike 0-2: Strikes out swinging
|
|
Batting: RHB Dennis Bennett
|
0-0: Called Strike 0-1: Ball 1-1: SINGLE (Groundball, 15S, EV 71.2 MPH) (infield hit)
|
|
Batting: LHB Orlando Hurtado
|
0-0: Ball 1-0: Called Strike 1-1: SINGLE (Groundball, 56D, EV 101.9 MPH) Dennis Bennett to second
|
|
Batting: RHB Isaac Washington
|
0-0: Ball 1-0: Foul Ball, location: 2F 1-1: SINGLE (Groundball, 4S, EV 75.0 MPH) (infield hit) Dennis Bennett to third Orlando Hurtado to second
|
|
Batting: RHB Alex Montiel
|
0-0: Ball 1-0: Ball 2-0: Ball 3-0: Called Strike 3-1: Fielders Choice at 2nd, 4-6 (Groundball, 34, EV 80.6 MPH) Dennis Bennett scores Orlando Hurtado to third
|
|
Batting: RHB Mark Tart
|
0-0: Called Strike Alex Montiel is caught stealing 2nd base 2-4
|
| Bottom of the 3rd over - 1 run, 3 hits, 0 errors, 1 left on base; University of Minnesota 0 - Coastal Carolina University 2 |
| TOP OF THE 4TH |
|
University of Minnesota Golden Gophers batting - Pitching for Coastal Carolina University Chanticleers : RHP Pedro Delgado
|
|
Batting: LHB Jose Moncada
|
0-0: Called Strike 0-1: Called Strike 0-2: Strikes out swinging
|
|
Batting: RHB Jarrod Strickhouser
|
0-0: Ball 1-0: Ball 2-0: Fly out, F7 (Flyball, 78M, EV 94.4 MPH)
|
|
Batting: RHB Jason Mooris
|
0-0: Ball 1-0: Foul Ball, location: 2F 1-1: Called Strike 1-2: Strikes out looking
|
| Top of the 4th over - 0 runs, 0 hits, 0 errors, 0 left on base; University of Minnesota 0 - Coastal Carolina University 2 |
| BOTTOM OF THE 4TH |
|
Coastal Carolina University Chanticleers batting - Pitching for University of Minnesota Golden Gophers : LHP Baden Trevelyan
|
|
Batting: RHB Mark Tart
|
0-0: Ball 1-0: Ball 2-0: Ball 3-0: Called Strike 3-1: Foul Ball, location: 2F 3-2: Foul Ball, location: 2F 3-2: Base on Balls
|
|
Batting: RHB Oscar Hernandez
|
0-0: Ball 1-0: Ball 2-0: Called Strike 2-1: Foul Ball, location: 2F 2-2: Fielders Choice at 2nd, 6-4 (Groundball, 6, EV 82.5 MPH)
|
|
Batting: LHB Justin Sanders
|
0-0: Swinging Strike 0-1: Swinging Strike 0-2: Strikes out swinging
|
|
Batting: RHB Rene Napoles
|
0-0: Called Strike 0-1: Ball 1-1: Called Strike 1-2: Ball 2-2: Strikes out swinging
|
| Bottom of the 4th over - 0 runs, 0 hits, 0 errors, 1 left on base; University of Minnesota 0 - Coastal Carolina University 2 |
| TOP OF THE 5TH |
|
University of Minnesota Golden Gophers batting - Pitching for Coastal Carolina University Chanticleers : RHP Pedro Delgado
|
|
Batting: RHB Ron Gooch
|
0-0: Called Strike 0-1: Foul Ball, location: 2F 0-2: Strikes out swinging
|
|
Pitching: RHP Moises Santos
|
|
|
Batting: LHB Bobby Agterberg
|
0-0: Ball 1-0: SINGLE (Groundball, 34S, EV 73.8 MPH) (infield hit)
|
|
Batting: LHB Alex Villa
|
0-0: Ball 1-0: Foul Ball, location: 2F 1-1: Ball 2-1: Foul Ball, location: 2F 2-2: Grounds into double play, 6-4-3 (Groundball, 6, EV 90.0 MPH)
|
| Top of the 5th over - 0 runs, 1 hit, 0 errors, 0 left on base; University of Minnesota 0 - Coastal Carolina University 2 |
| BOTTOM OF THE 5TH |
|
Coastal Carolina University Chanticleers batting - Pitching for University of Minnesota Golden Gophers : LHP Baden Trevelyan
|
|
Pitching: RHP Jason Jacobs
|
|
|
Batting: RHB Tatsunori Ishigaki
|
0-0: Ball 1-0: DOUBLE (Line Drive, 5D, EV 106.2 MPH)
|
|
Batting: RHB Dennis Bennett
|
0-0: Foul Ball, location: 2F 0-1: Ball 1-1: Ball 2-1: Swinging Strike 2-2: Foul Ball, location: 2F 2-2: Ball 3-2: Foul Ball, location: 2F 3-2: Base on Balls
|
|
Batting: LHB Orlando Hurtado
|
0-0: Called Strike 0-1: SINGLE (Flyball, 8LS, EV 88.1 MPH) Tatsunori Ishigaki to third Dennis Bennett to second Runner from 3rd tries for Home, throw by CF and OUT! 8-2
|
|
Batting: RHB Isaac Washington
|
0-0: Swinging Strike 0-1: Ball 1-1: Ball 2-1: Foul Ball, location: 2F 2-2: Fly out, F8 (Flyball, 8LD, EV 93.1 MPH)
|
|
Batting: RHB Alex Montiel
|
0-0: Fielders Choice at 2nd, 5-4 (Groundball, 5, EV 78.8 MPH)
|
| Bottom of the 5th over - 0 runs, 2 hits, 0 errors, 2 left on base; University of Minnesota 0 - Coastal Carolina University 2 |
| TOP OF THE 6TH |
|
University of Minnesota Golden Gophers batting - Pitching for Coastal Carolina University Chanticleers : RHP Moises Santos
|
|
Batting: SHB Chris Rodgers
|
0-0: Fly out, F8 (Line Drive, 8LM, EV 95.0 MPH)
|
|
Batting: LHB Dick Shafer
|
0-0: Ball 1-0: Ball 2-0: Called Strike 2-1: Called Strike 2-2: Fly out, F9 (Flyball, 89M, EV 91.2 MPH)
|
|
Batting: RHB Ozzie Buendia
|
0-0: Ball 1-0: Foul Ball, location: 2F 1-1: DOUBLE (Line Drive, 89XD, EV 111.9 MPH)
|
|
Batting: LHB Jose Moncada
|
0-0: Ball 1-0: Called Strike 1-1: Foul Ball, location: 2F 1-2: Fly out, F7 (Flyball, 7S, EV 90.0 MPH)
|
| Top of the 6th over - 0 runs, 1 hit, 0 errors, 1 left on base; University of Minnesota 0 - Coastal Carolina University 2 |
| BOTTOM OF THE 6TH |
|
Coastal Carolina University Chanticleers batting - Pitching for University of Minnesota Golden Gophers : RHP Jason Jacobs
|
|
Batting: RHB Mark Tart
|
0-0: Ball 1-0: Swinging Strike 1-1: Called Strike 1-2: Hit by Pitch
|
|
Batting: RHB Oscar Hernandez
|
0-0: Ball 1-0: Ball Mark Tart steals 2nd base 2-0: Called Strike 2-1: Ground out 3-1 (Groundball, 34, EV 84.4 MPH) Mark Tart to third
|
|
Batting: LHB Justin Sanders
|
0-0: Ball 1-0: Ground out 4-3 (Groundball, 4, EV 102.5 MPH) Mark Tart scores
|
|
Batting: RHB Rene Napoles
|
0-0: Ground out 6-3 (Groundball, 6, EV 103.8 MPH)
|
| Bottom of the 6th over - 1 run, 0 hits, 0 errors, 0 left on base; University of Minnesota 0 - Coastal Carolina University 3 |
| TOP OF THE 7TH |
|
University of Minnesota Golden Gophers batting - Pitching for Coastal Carolina University Chanticleers : RHP Moises Santos
|
|
Batting: RHB Jarrod Strickhouser
|
0-0: Foul Ball, location: 2F 0-1: Foul Ball, location: 2F 0-2: Ball 1-2: Foul Ball, location: 2F 1-2: Ball 2-2: Ball 3-2: Base on Balls
|
|
Batting: RHB Jason Mooris
|
0-0: Called Strike 0-1: Sac Bunt to 25 - play at first, batter OUT! 5-3 Jarrod Strickhouser to second
|
|
Batting: RHB Ron Gooch
|
0-0: Ball 1-0: Ball 2-0: Called Strike 2-1: Ground out 6-3 (Groundball, 56D, EV 80.0 MPH)
|
|
Batting: LHB Bobby Agterberg
|
0-0: Ball 1-0: Foul Ball, location: 2F 1-1: Foul Ball, location: 2F 1-2: Foul Ball, location: 2F 1-2: Ground out 3-1 (Groundball, 34, EV 108.8 MPH)
|
| Top of the 7th over - 0 runs, 0 hits, 0 errors, 1 left on base; University of Minnesota 0 - Coastal Carolina University 3 |
| BOTTOM OF THE 7TH |
|
Coastal Carolina University Chanticleers batting - Pitching for University of Minnesota Golden Gophers : RHP Jason Jacobs
|
|
Batting: RHB Tatsunori Ishigaki
|
0-0: Foul Ball, location: 2F 0-1: SOLO HOME RUN (Flyball, 78XD, EV 103.8 MPH), Distance : 419 ft
|
|
Batting: RHB Dennis Bennett
|
0-0: Ball 1-0: Ball 2-0: Called Strike 2-1: Foul Ball, location: 2F 2-2: Ground out 6-3 (Groundball, 6S, EV 81.2 MPH)
|
|
Batting: LHB Orlando Hurtado
|
0-0: Ball 1-0: Ball 2-0: Foul Ball, location: 2F 2-1: Fly out, F6 (Line Drive, 6D, EV 60.0 MPH)
|
|
Batting: RHB Isaac Washington
|
0-0: Ball 1-0: Ball 2-0: Foul Ball, location: 2F 2-1: DOUBLE (Groundball, 5L, EV 95.6 MPH)
|
|
Pitching: RHP Bobby Rodriguez
|
|
|
Batting: RHB Alex Montiel
|
0-0: Foul Ball, location: 2F 0-1: Ball 1-1: SINGLE (Line Drive, 34, EV 98.8 MPH) Isaac Washington to third Runner from 3rd tries for Home, throw by RF and OUT! 9-2
|
| Bottom of the 7th over - 1 run, 3 hits, 0 errors, 1 left on base; University of Minnesota 0 - Coastal Carolina University 4 |
| TOP OF THE 8TH |
|
University of Minnesota Golden Gophers batting - Pitching for Coastal Carolina University Chanticleers : RHP Moises Santos
|
|
Pitching: LHP David Medina
|
|
|
Batting: LHB Alex Villa
|
0-0: Ball 1-0: Called Strike 1-1: Called Strike 1-2: Ball 2-2: Foul Ball, location: 2F 2-2: Foul Ball, location: 2F 2-2: Ball 3-2: Base on Balls
|
|
Batting: SHB Chris Rodgers
|
0-0: Ball 1-0: Ball 2-0: Ball 3-0: Base on Balls Alex Villa to second
|
|
Batting: LHB Dick Shafer
|
0-0: Single, Error in OF, E9, batter to second base (Groundball, 34D, EV 95.6 MPH) Alex Villa scores Chris Rodgers to third
|
|
Batting: RHB Ozzie Buendia
|
0-0: Ball 1-0: Called Strike 1-1: Swinging Strike 1-2: Ground out 6-3 (Groundball, 6, EV 88.8 MPH) Chris Rodgers scores
|
|
Pinch Hitting: RHB Scott Rose
|
0-0: Ball 1-0: Ball 2-0: Ground out 6-3 (Groundball, 6, EV 86.9 MPH)
|
|
Batting: RHB Jarrod Strickhouser
|
0-0: Ball 1-0: Foul Ball, location: 2F 1-1: Ground out 4-3 (Groundball, 34D, EV 110.6 MPH)
|
| Top of the 8th over - 2 runs, 1 hit, 1 error, 1 left on base; University of Minnesota 2 - Coastal Carolina University 4 |
| BOTTOM OF THE 8TH |
|
Coastal Carolina University Chanticleers batting - Pitching for University of Minnesota Golden Gophers : RHP Bobby Rodriguez
|
|
Now at 1B: Scott Rose
|
|
|
Batting: RHB Mark Tart
|
0-0: Ball 1-0: Swinging Strike 1-1: SINGLE (Line Drive, 78M, EV 100.6 MPH)
|
|
Batting: RHB Oscar Hernandez
|
0-0: Ball 1-0: Ball Mark Tart is caught stealing 2nd base 2-4 2-0: Ball 3-0: Called Strike 3-1: SINGLE (Groundball, 6D, EV 105.0 MPH)
|
|
Batting: LHB Justin Sanders
|
0-0: Ball 1-0: Ball 2-0: Called Strike 2-1: Foul Ball, location: 2F 2-2: Grounds into double play, 4-6-3 (Groundball, 4, EV 81.9 MPH)
|
| Bottom of the 8th over - 0 runs, 2 hits, 0 errors, 0 left on base; University of Minnesota 2 - Coastal Carolina University 4 |
| TOP OF THE 9TH |
|
University of Minnesota Golden Gophers batting - Pitching for Coastal Carolina University Chanticleers : LHP David Medina
|
|
Pitching: RHP Tetsuaki Nakamura
|
|
|
Now at 1B: Nate Kokx
|
|
|
Now in LF: Chris McDaniel
|
|
|
Pinch Hitting: LHB Ivan Villegas
|
0-0: Ball 1-0: Foul Ball, location: 2F 1-1: Foul Ball, location: 2F 1-2: Strikes out swinging
|
|
Batting: RHB Ron Gooch
|
0-0: Ball 1-0: DOUBLE (Flyball, 8LXD, EV 102.5 MPH)
|
|
Batting: LHB Bobby Agterberg
|
0-0: Called Strike 0-1: Ball 1-1: Called Strike 1-2: Strikes out swinging
|
|
Batting: LHB Alex Villa
|
0-0: Ball 1-0: DOUBLE (Flyball, 9D, EV 105.0 MPH) Ron Gooch scores
|
|
Batting: SHB Chris Rodgers
|
0-0: Ball 1-0: Ball 2-0: Ball 3-0: Called Strike 3-1: Swinging Strike 3-2: Foul Ball, location: 2F 3-2: Strikes out looking
|
| Top of the 9th over - 1 run, 2 hits, 0 errors, 1 left on base; University of Minnesota 3 - Coastal Carolina University 4 |
|